 Dungeon Crawl Stone Soup version 0.17.0-28-g6e173f8 (webtiles) character file.

1472 Ijustatesigmund the Magician (level 8, -11/56 HPs)
             Began as a Demonspawn Wizard on Nov 27, 2015.
             Killed by divine providence
             ... invoked by an orc priest
              (14 damage)
             ... on level 6 of the Dungeon.
             The game lasted 00:25:21 (8237 turns).

Ijustatesigmund the Magician (Demonspawn Wizard)    Turns: 8237, Time: 00:25:21

Health: -11/56     AC:  7    Str:  7    XL:     8   Next: 49%
Magic:  6/16       EV: 11    Int: 22    God:
Gold:   187        SH:  0    Dex: 12    Spells: 5 memorised, 7 levels left

rFire  . . .     SeeInvis .     p - +1 flail
rCold  . . .     Clarity  .     a - +0 robe
rNeg   . . .     SustAt   .     (no shield)
rPois  .         Gourm    .     b - +0 hat
rElec  .         Spirit   .     n - +1 cloak
rCorr  .         Warding  .     (no gloves)
rMut   .         Stasis   .     (no boots)
MR     .....                    e - amulet of rage
Stlth  ++........               (no ring)
                                (no ring)

@: not resistant to hostile enchantments, unstealthy
A: icy blue scales 2, foul stench 1, spiny 2, rot immunity
a: Evoke Berserk Rage


You were on level 6 of the Dungeon.
You were not hungry.

You visited 2 branches of the dungeon, and saw 7 of its levels.

You collected 187 gold pieces.

Inventory:

Hand Weapons
 p - a +1 flail (weapon)
Missiles
 u - 2 throwing nets (quivered)
Armour
 a - a +0 robe (worn)
 b - a +0 hat (worn)
 n - a +1 cloak (worn)
Jewellery
 e - an amulet of rage (around neck)
 o - an uncursed ring of teleportation
 q - an uncursed ring of ice
Wands
 s - a wand of fire (9)
 x - a wand of teleportation (0)
 y - a wand of frost (1)
Scrolls
 i - a scroll of teleportation
 m - 2 scrolls of random uselessness
 r - 2 scrolls of recharging
 t - 2 scrolls of remove curse
Potions
 f - a potion of heal wounds
 j - a potion of lignification
 k - a potion of curing
 l - a potion of magic
 w - 2 potions of agility {unknown}
Books
 c - a book of Minor Magic

   Spells                             Type                      Level
   a - Magic Dart                     Conjuration                  1
   b - Blink                          Translocation                2
   c - Call Imp                       Summoning                    2
   d - Repel Missiles                 Charms/Air                   2
   e - Slow                           Hexes                        2
   f - Conjure Flame                  Conjuration/Fire             3
   g - Mephitic Cloud                 Conjuration/Poison/Air       3
 v - a book of Clouds

   Spells                             Type                      Level
   a - Mephitic Cloud                 Conjuration/Poison/Air       3
   b - Conjure Flame                  Conjuration/Fire             3
   c - Poisonous Cloud                Conjuration/Poison/Air       6
   d - Freezing Cloud                 Conjuration/Ice/Air          6
   e - Ring of Flames                 Charms/Fire                  7
Comestibles
 d - 4 bread rations
 g - a meat ration
 h - a beef jerky


   Skills:
 - Level 2.0 Fighting
 - Level 4.0 Maces & Flails
 - Level 1.7 Dodging
 - Level 1.7 Stealth
 + Level 5.6 Spellcasting
 + Level 4.6 Conjurations
   Level 1.0 Summonings
 - Level 0.8 Translocations
 + Level 3.7 Air Magic
 + Level 3.7 Poison Magic


You had 7 spell levels left.
You knew the following spells:

 Your Spells              Type           Power        Failure   Level  Hunger
a - Magic Dart            Conj           ####         1%          1    None
b - Blink                 Tloc           N/A          12%         2    None
c - Repel Missiles        Chrm/Air       ##....       10%         2    None
d - Mephitic Cloud        Conj/Pois/Air  ###.....     8%          3    ##.....
e - Conjure Flame         Conj/Fire      ###.....     12%         3    ##.....


Dungeon Overview and Level Annotations

Branches:
Dungeon (6/15)             Temple (1/1) D:5

Altars:
Ashenzari
Cheibriados
Dithmenos
Elyvilon
Makhleb
Nemelex Xobeh
Okawaru
Ru
Sif Muna
Vehumet
Yredelemnul
The Shining One


Innate Abilities, Weirdness & Mutations

You are mostly covered in icy blue scales (AC +3, EV -1).
You may emit foul miasma when damaged in melee.
You are mostly covered in sharp spines.
You are immune to rotting.


Message History

Casting: Magic Dart
Confirm with . or Enter, or press ? or * to list all spells.
Aiming: Magic Dart
Press: ? - help, Shift-Dir - straight line, f/p - orc priest
Aim: an orc priest, wielding a flail and wearing a chain mail (moderately wounded)
The magic dart hits the orc priest.
The orc priest is severely wounded.
The orc priest casts a cantrip, but nothing happens.
The orc hits you from afar with a trident.
* * * LOW HITPOINT WARNING * * *
Casting: Magic Dart
Confirm with . or Enter, or press ? or * to list all spells.
Aiming: Magic Dart
Press: ? - help, Shift-Dir - straight line, f/p - orc priest
Aim: an orc priest, wielding a flail and wearing a chain mail (severely wounded)
The magic dart hits the orc priest.
The orc priest is severely wounded.
The orc priest mumbles some strange prayers to Beogh against you.
Something smites you!
You die...

..
#...........##
#...####..###
#...# ###
#...# #...#
#...## #....#
#....# ##..@#
#..o.# #..oo#
##.... #...o.
#......
#.......
......###


You could see an orc priest, an orc wizard and 2 orcs.

Vanquished Creatures
  Duvessa (D:5)
  An ogre (D:4)
  A gnoll sergeant (D:5)
  Dowan (D:5)
  2 scorpions (D:5)
  A crimson imp (D:6)
  A hound (D:5)
  4 orc priests
  Ijyb (D:3)
  4 gnoll shamans (D:5)
  A giant frog skeleton (D:5)
  3 worker ants
  A hound skeleton (D:5)
  37 gnolls
  8 adders
  A shadow imp (D:5)
  3 oozes
  An adder skeleton (D:5)
  2 worms
  8 giant geckos
  11 orcs
  4 giant cockroaches
  11 goblins
  13 hobgoblins
  25 jackals
  5 quokkas
  4 ball pythons
  8 bats
  5 giant newts
  8 kobolds
  8 rats
184 creatures vanquished.

Notes
Turn   | Place    | Note
--------------------------------------------------------------
     0 | D:1      | Ijustatesigmund the Demonspawn Wizard began the quest for the Orb.
     0 | D:1      | Reached XP level 1. HP: 13/13 MP: 4/4
   455 | D:1      | Gained mutation: You are partially covered in icy blue scales (AC +1). [demonic ancestry]
   455 | D:1      | Reached XP level 2. HP: 8/19 MP: 1/6
   805 | D:1      | Learned a level 2 spell: Blink
   808 | D:1      | Learned a level 2 spell: Repel Missiles
  1215 | D:1      | Reached XP level 3. HP: 8/24 MP: 1/7
  1404 | D:1      | Learned a level 3 spell: Mephitic Cloud
  1769 | D:2      | Reached skill level 1 in Poison Magic
  1806 | D:2      | Reached skill level 1 in Air Magic
  1946 | D:2      | Gained mutation: You are mostly covered in icy blue scales (AC +3, EV -1). [demonic ancestry]
  1946 | D:2      | Reached XP level 4. HP: 27/30 MP: 4/8
  2687 | D:3      | Found a faded altar to an unknown god.
  2707 | D:3      | Noticed Ijyb
  2728 | D:3      | Killed Ijyb
  2728 | D:3      | Gained mutation: You are partially covered in sharp spines. [demonic ancestry]
  2728 | D:3      | Reached XP level 5. HP: 15/35 MP: 1/9
  3617 | D:4      | Noticed an ogre
  3631 | D:4      | Killed an ogre
  3631 | D:4      | Reached skill level 1 in Fighting
  3647 | D:4      | Gained mutation: You are mostly covered in sharp spines. [demonic ancestry]
  3647 | D:4      | Reached XP level 6. HP: 44/44 MP: 0/10
  4132 | D:4      | Reached skill level 4 in Conjurations
  4915 | D:5      | Entered Level 5 of the Dungeon
  4977 | D:5      | Found a staircase to the Ecumenical Temple.
  5100 | D:5      | Reached skill level 1 in Maces & Flails
  5100 | D:5      | Gained mutation: You are immune to rotting. [demonic ancestry]
  5100 | D:5      | Reached XP level 7. HP: 36/50 MP: 5/11
  5170 | Temple   | Entered the Ecumenical Temple
  5410 | D:5      | Found an iron altar of Okawaru.
  5410 | D:5      | Found a snail-covered altar of Cheibriados.
  5411 | D:5      | Found a shattered altar of Ashenzari.
  6122 | D:5      | Gained mutation: You may emit foul miasma when damaged in melee. [demonic ancestry]
  6122 | D:5      | Reached XP level 8. HP: 12/56 MP: 4/15
  6269 | D:5      | Reached skill level 5 in Spellcasting
  7435 | D:5      | Noticed Duvessa
  7456 | D:5      | Learned a level 3 spell: Conjure Flame
  7772 | D:5      | Found a glowing golden altar of the Shining One.
  7878 | D:5      | Noticed Dowan
  7898 | D:5      | Killed Duvessa
  7916 | D:5      | Killed Dowan
  8193 | D:6      | Found a radiant altar of Vehumet.
  8199 | D:6      | Found a burning altar of Makhleb.
  8237 | D:6      | Killed from afar by an orc priest

Action                   |  1- 3 |  4- 6 |  7- 9 || total
-------------------------+-------+-------+-------++-------
Melee: Club              |    38 |       |       ||    38
       Unarmed           |     5 |       |       ||     5
       Flail             |       |    34 |    54 ||    88
Throw: Throwing net      |       |     1 |     3 ||     4
 Cast: Magic Dart        |    86 |   171 |   194 ||   451
       Repel Missiles    |     1 |       |       ||     1
       Mephitic Cloud    |       |     2 |    12 ||    14
 Abil: Evoke Berserk Rag |       |     1 |       ||     1
  Use: Scroll            |     2 |     9 |     2 ||    13
       Potion            |     1 |     1 |       ||     2
 Stab: Sleeping          |       |     3 |       ||     3
       Confused          |       |       |     1 ||     1
  Eat: Chunk             |     3 |     6 |     8 ||    17
       Fruit             |       |     5 |       ||     5
       Pizza             |       |       |     2 ||     2
